 Dungeon Sprint DCSS version 0.17-a0-1753-g75d4604 (webtiles) character file.

447 KambridgeKobold the Grappler (level 7, -10/73 HPs)
             Began as a Ghoul Monk on Sept 2, 2015.
             Was a Believer of Jiyva.
             Shot with an arrow by a centaur warrior (22 damage)
             ... in the Dungeon (Sprint I: "Red Sonja").
             The game lasted 00:04:26 (595 turns).

KambridgeKobold the Grappler (Ghoul Monk)            Turns: 595, Time: 00:04:27

Health: -10/73     AC:  2    Str: 15    XL:     7   Next: 3%
Magic:  6/6        EV: 15    Int:  5    God:    Jiyva [**....]
Gold:   81         SH:  0    Dex: 13    Spells: 0 memorised, 6 levels left

rFire  . . .     SeeInvis .       - Unarmed
rCold  + . .     Clarity  .     l - +0 robe {MR+}
rNeg   + + +     SustAt   .     (no shield)
rPois  ∞         Gourm    .     (no helmet)
rElec  .         Spirit   .     (no cloak)
rCorr  .         Warding  .     (no gloves)
rMut   .         NoTele   +     (no boots)
MR     +....                    (no amulet)
Stlth  +.........               (no ring)
                                (no ring)

@: rotting, somewhat resistant to hostile enchantments, very unstealthy
A: rotting body, claws 1, carnivore 3, cold resistance 1, negative energy
resistance 3, slow healing 1, torment resistance, unbreathing
a: Request Jelly, Jelly Paralyse, Renounce Religion


You were in the Dungeon.
You worshipped Jiyva.
Jiyva was pleased with you.
You were not hungry.

You visited 1 branch You collected 81 gold pieces.

Inventory:

Hand weapons
 i - a +0 club
 j - a +0 giant club
 k - a +0 scythe
Armour
 a - a +0 robe
 l - a +0 robe of magic resistance (worn)
Scrolls
 h - a scroll of blinking
 m - a scroll of fog {unknown}
Potions
 c - a potion of curing
 d - a potion of heal wounds
 e - 2 potions of haste
 f - 2 potions of magic
 g - a potion of berserk rage
Comestibles
 b - a meat ration


   Skills:
 + Level 10.5 Fighting
 + Level 6.4 Dodging
 - Level 2.1 Stealth
 + Level 10.9 Unarmed Combat


You had 6 spell levels left.
You didn't know any spells.

Dungeon Overview and Level Annotations

Branches:
Dungeon (1/1)

Altars:
Cheibriados
Dithmenos
Elyvilon
Fedhas
Gozag
Kikubaaqudgha
Makhleb
Nemelex Xobeh
Okawaru
Qazlal
Ru
Sif Muna
Trog
Vehumet
Xom
Yredelemnul
Zin
The Shining One
Jiyva

Shops:
D :


Innate Abilities, Weirdness & Mutations

Your body is rotting away.
You thrive on raw meat.
You are immune to poison.
You have sharp fingernails.
You are carnivorous and can eat meat at any time.
Your flesh is cold resistant.
You are immune to negative energy.
You heal slowly when monsters are visible.
You are immune to unholy pain and torment.
You can survive without breathing.


Message History

You hear a slurping noise.
The slime creature eats the door!
A centaur warrior comes into view.
A centaur warrior comes into view.
You swap places.
You enter the shallow water.
Moving in this stuff is going to be slow.
Found 3 scrolls labeled GOMAX CAAMOULO and a scroll labeled IWEGOT YMEY.
You enter the shallow water.
Moving in this stuff is going to be slow.
The centaur warrior shouts!
You hear a shout!
The centaur warrior wields a shortbow.
The centaur warrior shoots an arrow.
The arrow hits you!!
* * * LOW HITPOINT WARNING * * *
You hear a splash.
The centaur warrior shoots an arrow.
The arrow barely misses you.
You see here an arrow.
The centaur warrior wields a longbow.
The centaur warrior shoots an arrow.
The arrow hits you!!
You die...

###################
#<.#..'÷.#..'..#__#
#..'..#..'..#..'..+
#..#####'#####'#__####
#..####..#$$$#J####c§#
#..#__####$$##.#≈≈§c§#
#..#_..__##'#..§@(§§.+
#⌠⌠#_.∩...'..(_#≈≈§§§#
####_..._##_.#'##+####
#_____###+#.# #######
###


You could see 2 centaur warriors.

Vanquished Creatures
  Sigmund (D)
  A yak (D)
  An ogre (D)
  Ijyb (D)
  A jelly (D)
5 creatures vanquished.

Notes
Turn   | Place    | Note
--------------------------------------------------------------
     0 | D        | KambridgeKobold the Ghoul Monk began the quest for the Orb.
     0 | D        | Reached XP level 1. HP: 19/19 MP: 0/0
     1 | D        | Noticed Ijyb
    21 | D        | Killed Ijyb
    21 | D        | Reached skill level 5 in Fighting
    21 | D        | Reached skill level 6 in Unarmed Combat
    21 | D        | Reached XP level 2. HP: 13/30 MP: 1/1
    21 | D        | Reached XP level 3. HP: 16/37 MP: 2/2
   195 | D        | Noticed an ogre
   205 | D        | Killed an ogre
   205 | D        | Reached skill level 8 in Fighting
   205 | D        | Reached XP level 4. HP: 4/48 MP: 3/3
   205 | D        | Reached XP level 5. HP: 4/53 MP: 4/4
   491 | D        | Noticed Sigmund
   495 | D        | Killed Sigmund
   495 | D        | Reached skill level 9 in Fighting
   495 | D        | Reached skill level 5 in Dodging
   495 | D        | Reached skill level 10 in Unarmed Combat
   495 | D        | Reached XP level 6. HP: 59/64 MP: 5/5
   524 | D        | Found a deep blue altar of Sif Muna.
   525 | D        | Noticed a jelly
   526 | D        | Found a radiant altar of Vehumet.
   530 | D        | Killed a jelly
   535 | D        | Found Zeyrud's Book Emporium.
   535 | D        | Found a white marble altar of Elyvilon.
   535 | D        | Found a stormy altar of Qazlal.
   535 | D        | Found a burning altar of Makhleb.
   535 | D        | Found a sacrificial altar of Ru.
   535 | D        | Found a basalt altar of Yredelemnul.
   535 | D        | Found a glowing golden altar of the Shining One.
   535 | D        | Found a sparkling altar of Nemelex Xobeh.
   535 | D        | Found a shimmering altar of Xom.
   535 | D        | Found an opulent altar of Gozag.
   535 | D        | Found an ancient bone altar of Kikubaaqudgha.
   535 | D        | Found a glowing silver altar of Zin.
   535 | D        | Noticed a yak
   536 | D        | Found an iron altar of Okawaru.
   548 | D        | Killed a yak
   548 | D        | Reached skill level 10 in Fighting
   548 | D        | Reached XP level 7. HP: 21/73 MP: 6/6
   549 | D        | Found a bloodstained altar of Trog.
   571 | D        | Found a viscous altar of Jiyva.
   571 | D        | Found a blossoming altar of Fedhas.
   571 | D        | Noticed a slime creature
   572 | D        | Found a snail-covered altar of Cheibriados.
   572 | D        | Found a shadowy altar of Dithmenos.
   574 | D        | Became a worshipper of Jiyva Juinwodu the Shapeless
   574 | D        | Acquired Jiyva's first power
   574 | D        | Acquired Jiyva's second power
   588 | D        | Noticed a centaur warrior
   589 | D        | Noticed a centaur warrior
   595 | D        | Shot with an arrow by a centaur warrior

Vault maps used:
D:        dungeon_sprint_1

Action                   |  1- 3 |  4- 6 |  7- 9 || total
-------------------------+-------+-------+-------++-------
Melee: Unarmed           |    28 |    15 |       ||    43
 Stab: Sleeping          |       |     1 |       ||     1
